 Dungeon Crawl Stone Soup version 0.26-a0-757-g626ac9e51a (webtiles) character file.

Game seed: 18108657707527628105

216696 mhtbhm the Executioner (level 18, -4/258 HPs)
             Began as a Minotaur Berserker on Nov 7, 2020.
             Was the Champion of Trog.
             Killed from afar by a halazid warlock (57 damage)
             ... with a bolt of negative energy
             ... in the Desolation of Salt on Nov 8, 2020.
             The game lasted 01:08:45 (41254 turns).

mhtbhm the Executioner (Minotaur Berserker)        Turns: 41254, Time: 01:08:45

Health: -4/258     AC:  9    Str: 29    XL:     18   Next: 36%
Magic:  17/17      EV: 12    Int:  8    God:    Trog [******]
Gold:   3032       SH: 27    Dex: 11    Spells: 17/17 levels left

rFire    + + .     SeeInvis .   K - +3 broad axe (vorpal)
rCold    . . .     Faith    .   c - +0 tower shield
rNeg     . . .     Spirit   .   (no armour)
rPois    .         Reflect  +   u - +0 hat "Ifaikk" {-Cast rElec rF+ rCorr}
rElec    +         Harm     .   E - +2 cloak {Stlth+}
rCorr    +         Rampage  +   l - +2 pair of gloves
MR       +....     NoCast   +   R - +1 pair of boots {rampage}
Stlth    ..........             V - amulet of reflection
HPRegen  0.53/turn              C - ring of protection from fire
MPRegen  0.15/turn              a - ring of the Hungering Pariah {+Fly Int+4}

@: berserking, studying 2 skills, heavily drained, very quick
A: retaliatory headbutt, horns 2
}: 1/15 runes: gossamer
a: Berserk, Trog's Hand, Brothers in Arms, Renounce Religion, Evoke Flight


You were in the Desolation of Salt.
You worshipped Trog.
Trog was exalted by your worship.
You visited 5 branches of the dungeon, and saw 27 of its levels.
You also visited: Gauntlet, Ice Cave and Desolation.

You collected 4033 gold pieces.
You spent 1001 gold pieces at shops.

Inventory:

Hand Weapons
 h - a +1 broad axe of flaming
 F - the +4 glaive of Integrity {vorpal, Dex+3, unknown}
   (You found it in the Desolation of Salt)

   It inflicts extra damage upon your enemies.
   It affects your dexterity (+3).
 H - the +10 great sword of Indomitability {vorpal, rElec rN+ Str+2}
   (You took it off a servant of whispers in the Desolation of Salt)

   It inflicts extra damage upon your enemies.
   It affects your strength (+2).
   It insulates you from electricity.
   It protects you from negative energy.
 K - a +3 vorpal broad axe (weapon)
 Z - a +5 vorpal executioner's axe
Missiles
 q - a throwing net (quivered)
 O - 13 atropa-tipped darts
Armour
 c - a +0 tower shield (worn)
 l - a +2 pair of gloves (worn)
 u - the +0 hat "Ifaikk" (worn) {-Cast rElec rF+ rCorr}
   (You found it in a Gauntlet)

   It protects you from fire.
   It insulates you from electricity.
   It prevents spellcasting.
   It provides partial protection from all sources of acid and corrosion.
 E - a +2 cloak of stealth (worn)
 R - a +1 pair of boots of rampaging (worn)
Jewellery
 a - the ring of the Hungering Pariah (right hand) {+Fly Int+4}
   (You found it in the Desolation of Salt)

   [ring of flight]

   It affects your intelligence (+4).
   It lets you fly.
 A - an uncursed amulet of regeneration
 C - a ring of protection from fire (left hand)
 I - the amulet of the Middle {Spirit SInv}
   (You took it off a servant of whispers in the Desolation of Salt)

   [amulet of guardian spirit]

   It causes incoming damage to be split between your health and magic.
   It lets you see invisible.
 L - an uncursed ring of stealth {unknown}
 M - the ring "Cioqag" {Fire rPois MR++ Str-2 Int+8}
   (You found it in a Gauntlet)

   [ring of fire]

   It enhances your fire magic.
   It affects your strength (-2).
   It affects your intelligence (+8).
   It protects you from fire.
   It makes you vulnerable to cold.
   It protects you from poison.
   It affects your resistance to hostile enchantments.
 V - an amulet of reflection (around neck)
 X - an uncursed ring of poison resistance
Wands
 e - a wand of paralysis (13)
 z - a wand of digging (11)
 J - a wand of iceblast (18)
 N - a wand of acid (7)
Scrolls
 d - 2 scrolls of blinking
 i - 5 scrolls of fog
 p - 7 scrolls of remove curse
 s - 6 scrolls of teleportation
 y - 2 scrolls of enchant armour
 B - 2 scrolls of brand weapon
 G - 2 scrolls of fear
 P - a scroll of holy word
Potions
 f - 5 potions of invisibility
 g - 7 potions of flight
 j - 7 potions of ambrosia
 m - 19 potions of curing
 n - 3 potions of resistance
 o - 4 potions of haste
 t - 4 potions of berserk rage
 v - 5 potions of heal wounds
 w - 4 potions of attraction
 x - 7 potions of might
 D - 3 potions of mutation
 Q - 4 potions of cancellation
 W - a potion of magic
Books
 r - a manual of
Armour
 U - a manual of Slings
Miscellaneous
 k - a phantom mirror
 S - a lightning rod (4/4)


   Skills:
 + Level 18.1(15.8) Fighting
 + Level 21.4(18.9) Axes
 + Level 16.3(14.1) Armour
 + Level 7.6(5.7) Dodging
 + Level 4.4(2.7) Stealth
 + Level 18.3(16.0) Shields
 + Level 2.5(0.9) Evocations


You had 17 spell levels left.
You didn't know any spells.
Your spell library was empty.

Dungeon Overview and Level Annotations

Branches:
Dungeon (13/15)            Temple (0/1) D:4            Lair (6/6) D:11
  Swamp (0/4) Lair:4       Spider (4/4) Lair:2        Slime (0/5) Lair:5
    Orc (2/2) D:11            Elf (2/3) Orc:2        Vaults (0/5) D:13
  IceCv (visited)         Desolation (1/1)          Gauntlet (visited)

Altars:
Ashenzari
Cheibriados
Elyvilon
Fedhas
Gozag
Hepliaklqana
Kikubaaqudgha
Nemelex Xobeh
Okawaru
Qazlal
Ru
Sif Muna
Trog
Xom
Yredelemnul
The Shining One
Beogh

Shops:
D:8 (   D:10 [   Orc:1 =   Orc:2 =}![[   Elf:2 [

Annotations:
Spider:3 1 runed translucent door, robotcentaur's ghost, adept TeNe
Elf:2 1 runed translucent door


Innate Abilities, Weirdness & Mutations

You reflexively headbutt those who attack you in melee.
You have a pair of horns on your head.


Message History

You are too injured to fight recklessly!
A red film seems to cover your vision as you go berserk!
You feel yourself moving faster!
You feel mighty!
The halazid warlock points at you and mumbles some strange words.
The bolt of cold hits you!!
You hit the halazid warlock.
The halazid warlock is lightly damaged.
You hit the halazid warlock.
The halazid warlock is lightly damaged.
The halazid warlock points at you and mumbles some strange words.
The bolt of cold hits you!!
* * * LOW HITPOINT WARNING * * *
You slash the halazid warlock!
Your headbutt misses the halazid warlock.
The halazid warlock is moderately damaged.
You slash the halazid warlock! You headbutt the halazid warlock!!
The halazid warlock is almost destroyed.
The halazid warlock points at you and mumbles some strange words.
The bolt of negative energy hits you!!!
You feel drained.
You die...

...........................######
#.........§§...............######
........)[§)§§.##...§§.....######
..........§§.§.... §.......######
.........§§...§§..§........######
.##.....§§.§§.§§§§.§§§.....######
##...§.§§§§..§§.§§§§§§.....######
..:.#§§§..§§§§§L§§§§§§§§...######
....#§§.§§§§§§§.@§§§§§§§.#.######
#..#.§§.§§§§..§.§§§§.§.§...######
#).# §.§.§§§§...§§§........######
...##§§...§§...8..8....§...######
....#§§§.§.§.8......8......######
.#..#§§§....§..####........######
.####§§§§§§§§.##)=##.......######
.8....§§.§§§§###...#.......######
.......§§§§§§|###..#...).).######


You could see a halazid warlock.

Vanquished Creatures
  Nikola (Elf:1)
  Jorgrun (D:13)
  Rupert (D:13)
  A deep elf blademaster (Elf:2)
  Frances (D:13)
  4 imperial myrmidons (Desolation)
  A deep elf sorcerer (Elf:1)
  5 ghost moths
  A frost giant (D:12)
  4 emperor scorpions
  5 entropy weavers
  The ghost of Maimakterion the Fighter, a journeyman OgBe of Trog (D:12)
  A halazid warlock (Desolation)
  A minotaur (Gauntlet)
  A dire elephant (Lair:6)
  3 spark wasps (Spider:3)
  Azrael (Spider:2)
  5 ragged hierophants (Desolation)
  12 hydras
  8 servants of whispers
  A catoblepas (Gauntlet)
  7 peacekeepers
  3 boulder beetles
  2 death knights (D:12)
  2 centaur warriors (D:13)
  2 two-headed ogres
  12 dancing weapons
  12 death yaks
  6 deep elf knights (Elf:2)
  A skeletal warrior (D:12)
  An iron troll (D:13)
  2 bog bodies (Lair:4)
  A wizard (Elf:1)
  A phantasmal warrior (D:12)
  3 lindwurms (Lair:6)
  2 deep elf archers (Elf:2)
  An orc knight (Orc:1)
  A harpy (shapeshifter) (D:13)
  15 deep elf magi
  A necromancer (Gauntlet)
  An ironbrand convoker (Desolation)
  18 orb spiders
  37 wolf spiders
  8 orc sorcerers (Orc:2)
  6 ugly things
  2 moths of wrath
  3 manticores
  3 cyclopes
  15 elephants
  4 black mambas
  2 centaur zombies
  2 ice statues (IceCv)
  A molten gargoyle (Desolation)
  3 torpor snails
  4 guardian serpents (Desolation)
  12 cane toads
  8 rime drakes
  2 centaur skeletons
  A kobold demonologist (D:11)
  An efreet (D:13)
  6 komodo dragons
  A freezing wraith (D:13)
  A yaktaur (D:12)
  9 demonic crawlers
  34 jumping spiders
  A polar bear (Lair:4)
  2 trolls
  12 hornets
  16 blink frogs
  60 saltlings
  7 dream sheep
  3 slime creatures
  63 redbacks
  An air elemental (Elf:2)
  2 vampires (D:13)
  A shadow (D:8)
  A centaur simulacrum (Gauntlet)
  19 tarantellas
  12 wyverns
  A water elemental (Elf:2)
  58 yaks
  3 wraiths
  13 basilisks
  2 vampire mosquitoes (D:12)
  4 wargs
  2 steam dragons
  2 swamp worms (Lair:4)
  15 water moccasins
  2 soldier ants
  7 hell hounds
  8 ice beasts
  13 orc warriors
  4 sky beasts
  3 eyes of draining
  4 phantoms
  5 black bears
  2 boggarts (Elf:1)
  8 ogres
  23 wolves
  5 centaurs
  A gnoll sergeant (D:7)
  16 bullfrogs
  A wyvern zombie (D:13)
  A wyvern skeleton (D:9)
  A water moccasin skeleton (D:9)
  3 scorpions
  12 killer bees
  9 wights
  4 jellies
  10 electric eels
  2 bullfrog zombies
  4 crimson imps (D:3)
  A howler monkey (D:9)
  A wyvern simulacrum (Gauntlet)
  2 quasits
  A bullfrog skeleton (D:9)
  6 hounds
  19 orc priests
  Terence (D:3)
  Crazy Yiuf (D:3)
  2 iguanas
  37 orc wizards
  19 hell rats
  25 worker ants
  2 bullfrog simulacra (Gauntlet)
  2 worker ant zombies
  11 gnolls
  2 howler monkey skeletons
  13 adders
  A shadow imp (D:9)
  2 white imps (D:8)
  3 ufetubi
  3 oozes
  An adder zombie (D:9)
  3 adder skeletons
  A worm (D:4)
  2 dart slugs (D:3)
  7 leopard geckos
  97 orcs
  7 bats
  5 giant cockroaches
  16 goblins
  10 hobgoblins
  7 jackals
  10 kobolds
  2 quokkas
  3 ball pythons
  5 frilled lizards
  A quokka zombie (D:7)
  6 rats
  A bush (D:3)
1104 creatures vanquished.

Vanquished Creatures (collateral kills)
  Arachne (Spider:2)
  A storm dragon (D:12)
  An entropy weaver (Lair:6)
  A servant of whispers (Desolation)
  A peacekeeper (Desolation)
  A catoblepas (Lair:6)
  3 dancing weapons (Elf:2)
  A queen ant (Lair:6)
  A molten gargoyle (Gauntlet)
  A gargoyle (Gauntlet)
  A saltling (Desolation)
  4 redbacks (Spider:2)
  A soldier ant (Lair:6)
  An eye of draining (D:12)
  5 worker ants (Lair:6)
24 creatures vanquished.

Vanquished Creatures (others)
  An orb spider (Spider:4)
  68 fungi
  86 plants
155 creatures vanquished.

Grand Total: 1283 creatures vanquished

Notes
Turn   | Place    | Note
-------+----------+-------------------------------------------
     0 | D:1      | mhtbhm the Minotaur Berserker began the quest for the Orb.
     0 | D:1      | Reached XP level 1. HP: 19/19 MP: 0/0
    22 | D:1      | Reached XP level 2. HP: 21/27 MP: 1/1
    25 | D:1      | Reached skill level 4 in Axes
   491 | D:1      | Reached XP level 3. HP: 28/34 MP: 2/2
   641 | D:1      | Reached ** piety under Trog
  1113 | D:2      | Reached XP level 4. HP: 41/41 MP: 3/3
  1431 | D:2      | Reached skill level 5 in Axes
  1688 | D:3      | Reached XP level 5. HP: 31/47 MP: 4/4
  1690 | D:3      | Reached skill level 5 in Fighting
  1896 | D:3      | Noticed Terence
  1898 | D:3      | Noticed a centaur
  1910 | D:3      | Killed Terence
  1911 | D:3      | Killed a centaur
  1911 | D:3      | Reached skill level 1 in Stealth
  2055 | D:3      | Found a blossoming altar of Fedhas.
  2236 | D:3      | Reached XP level 6. HP: 56/56 MP: 5/5
  2281 | D:3      | Reached skill level 6 in Axes
  2360 | D:3      | Reached *** piety under Trog
  2397 | D:3      | Found a shimmering altar of Xom.
  2893 | D:3      | Found a runed translucent door.
  2894 | D:3      | Noticed Crazy Yiuf
  2902 | D:3      | Killed Crazy Yiuf
  2986 | D:4      | Found a staircase to the Ecumenical Temple.
  2990 | D:4      | Lost intelligence.
  3020 | D:4      | Reached XP level 7. HP: 23/62 MP: 6/6
  3508 | D:4      | Reached skill level 7 in Axes
  3541 | D:4      | Found a glowing golden altar of the Shining One.
  3561 | D:4      | Reached skill level 5 in Armour
  4156 | D:4      | Found a white marble altar of Elyvilon.
  4352 | D:4      | Found a basalt altar of Yredelemnul.
  4412 | D:5      | Entered Level 5 of the Dungeon
  4476 | D:5      | Reached XP level 8. HP: 61/71 MP: 7/7
  4479 | D:5      | Reached skill level 8 in Axes
  4817 | D:5      | Reached **** piety under Trog
  5514 | D:6      | Reached skill level 9 in Axes
  6321 | D:6      | Found a sacrificial altar of Ru.
  6636 | D:7      | Reached XP level 9. HP: 64/80 MP: 8/8
  6731 | D:7      | Reached skill level 10 in Axes
  7151 | D:7      | Found a shimmering blue altar of Sif Muna.
  7526 | D:8      | Reached ***** piety under Trog
  7961 | D:8      | Found a sparkling altar of Nemelex Xobeh.
  7962 | D:8      | Found an opulent altar of Gozag.
  8149 | D:8      | Found Qigeith's Weapon Boutique.
  8280 | D:8      | Found a stormy altar of Qazlal.
  8280 | D:8      | Found a hazy altar of Hepliaklqana.
  8281 | D:8      | Found an ancient bone altar of Kikubaaqudgha.
  8364 | D:8      | Found an iron altar of Okawaru.
  8364 | D:8      | Found a bloodstained altar of Trog.
  8374 | D:8      | Reached skill level 1 in Shields
  8835 | D:9      | Reached XP level 10. HP: 91/91 MP: 9/9
  8844 | D:9      | Found a snail-covered altar of Cheibriados.
  8871 | D:9      | Reached skill level 11 in Axes
  9826 | D:9      | Received a gift from Trog
  9948 | D:9      | Noticed a two-headed ogre
  9957 | D:9      | Killed a two-headed ogre
  9957 | D:9      | Reached skill level 5 in Dodging
 10442 | D:10     | Entered Level 10 of the Dungeon
 10515 | D:10     | Reached skill level 12 in Axes
 10625 | D:10     | Noticed a two-headed ogre
 10734 | D:10     | Reached skill level 5 in Shields
 10746 | D:10     | Reached skill level 10 in Armour
 10844 | D:10     | Killed a two-headed ogre
 11263 | D:10     | Found Kaawe's Armour Shop.
 11272 | D:10     | Bought a +2 plate armour of fire resistance for 400 gold
                  | pieces
 11283 | D:10     | Bought a +2 cloak for 165 gold pieces
 11780 | D:11     | Reached XP level 11. HP: 97/97 MP: 10/10
 12124 | D:11     | Reached skill level 10 in Fighting
 12400 | D:11     | Noticed a purple ugly thing
 12411 | D:11     | Killed a purple ugly thing
 12693 | D:11     | Found a staircase to the Lair.
 12703 | D:11     | Reached skill level 13 in Axes
 12789 | D:11     | Found a staircase to the Orcish Mines.
 13188 | D:12     | Noticed a deep elf mage
 13197 | D:12     | Killed a deep elf mage
 13206 | D:12     | Found a gate leading to a gauntlet.
 13266 | Gauntlet | Entered a Gauntlet
 13266 | Gauntlet | Found a transporter.
 13266 | Gauntlet | Found a transporter.
 13295 | Gauntlet | Found a transporter.
 13310 | Gauntlet | Found a transporter.
 13324 | Gauntlet | Found a transporter.
 13337 | Gauntlet | Found a transporter.
 13431 | Gauntlet | Found a transporter.
 13440 | Gauntlet | Found a transporter.
 13442 | Gauntlet | Noticed a death yak
 13442 | Gauntlet | Noticed a death yak
 13443 | Gauntlet | Noticed a death yak
 13445 | Gauntlet | Noticed a necromancer
 13454 | Gauntlet | Found a transporter.
 13467 | Gauntlet | Found a transporter.
 13557 | Gauntlet | Found a transporter.
 13567 | Gauntlet | Found a transporter.
 13575 | Gauntlet | Found a transporter.
 13577 | Gauntlet | Found a transporter.
 13577 | Gauntlet | Found a transporter.
 13577 | Gauntlet | Noticed a wretched star
 13589 | Gauntlet | Found a transporter.
 13678 | Gauntlet | Noticed a catoblepas
 13822 | Gauntlet | Killed a death yak
 13829 | Gauntlet | Killed a death yak
 13829 | Gauntlet | Reached skill level 14 in Axes
 13831 | Gauntlet | Killed a death yak
 13832 | Gauntlet | Killed a necromancer
 13832 | Gauntlet | Reached XP level 12. HP: 30/108 MP: 11/11
 14010 | Gauntlet | Got a masterwork hat
 14021 | Gauntlet | Identified the +0 hat "Ifaikk" {-Cast rElec rF+ rCorr} (You
                  | found it in a Gauntlet)
 14158 | Gauntlet | Killed a catoblepas
 14208 | Gauntlet | Got a transparent cloak
 14219 | Gauntlet | Identified the +0 cloak of the Game Afoot {-Tele rElec rN+
                  | Int+4} (You found it in a Gauntlet)
 14227 | Gauntlet | Noticed a minotaur
 14238 | Gauntlet | Killed a minotaur
 14404 | Gauntlet | Identified Puutei's Volume of Harmful Enchantment
 14405 | Gauntlet | Got a sparkling iron ring
 14687 | D:12     | Noticed a death knight
 14965 | D:13     | Identified the ring "Cioqag" {Fire rPois MR++ Str-2 Int+8}
                  | (You found it in a Gauntlet)
 14986 | D:12     | Killed a death knight
 14986 | D:12     | Received a gift from Trog
 14986 | D:12     | Reached skill level 15 in Axes
 15157 | D:12     | Found a runed translucent gate.
 15157 | D:12     | Found a runed translucent gate.
 15157 | D:12     | Found a runed translucent gate.
 15158 | D:12     | Found an opulent altar of Gozag.
 15158 | D:12     | Noticed a storm dragon
 15158 | D:12     | Noticed a death knight
 15159 | D:12     | Noticed Maimakterion's ghost (journeyman OgBe)
 15159 | D:12     | Noticed a frost giant
 15852 | D:12     | Killed a frost giant
 15853 | D:12     | Killed Maimakterion's ghost
 15859 | D:12     | Killed a death knight
 15860 | D:12     | Killed a storm dragon
 16280 | D:13     | Noticed a centaur warrior
 16291 | D:13     | Killed a centaur warrior
 16291 | D:13     | Reached XP level 13. HP: 104/118 MP: 12/12
 16455 | D:13     | Reached skill level 16 in Axes
 17145 | D:13     | Noticed Frances
 17158 | D:13     | Killed Frances
 17158 | D:13     | Reached skill level 10 in Shields
 17439 | D:13     | Noticed Jorgrun
 17459 | D:13     | Killed Jorgrun
 17998 | D:13     | Noticed Rupert
 18006 | D:13     | Killed Rupert
 18341 | D:13     | Found a gate to the Vaults.
 18582 | Lair:1   | Entered Level 1 of the Lair of Beasts
 18672 | Lair:1   | Received a gift from Trog
 18672 | Lair:1   | Reached skill level 1 in Evocations
 18727 | Lair:1   | Found a dark tunnel.
 18868 | Lair:1   | Found a broken altar of Ashenzari.
 18952 | Lair:1   | Identified a scroll of acquirement
 18962 | Lair:1   | Acquired 535 gold pieces
 19273 | Lair:1   | Reached skill level 17 in Axes
 19749 | Lair:2   | Reached XP level 14. HP: 125/129 MP: 13/13
 19879 | Lair:2   | You fall into a shaft and drop 2 floors!
 20424 | Lair:4   | Received a gift from Trog
 20645 | Lair:4   | Found a staircase to the Swamp.
 21181 | Lair:5   | Found a staircase to the Slime Pits.
 21566 | Lair:5   | Found a transporter.
 21566 | Lair:5   | Found a transporter.
 21608 | Lair:5   | Reached skill level 18 in Axes
 22277 | Lair:6   | Entered Level 6 of the Lair of Beasts
 22925 | Lair:6   | Received a gift from Trog
 23058 | Lair:6   | Reached XP level 15. HP: 130/138 MP: 14/14
 23200 | Lair:6   | Reached skill level 19 in Axes
 23311 | Lair:6   | Identified the cursed +1 rapier of Ixahay {vorpal, MR+
                  | Stlth+}
 24126 | Lair:3   | Reached ****** piety under Trog
 25091 | Lair:2   | Found a hole to the Spider Nest.
 25275 | Lair:2   | Received a gift from Trog
 25294 | Lair:2   | Identified the +3 battleaxe of Due Proportion {vorpal,
                  | Dex+4} (Trog gifted it to you on level 2 of the Lair of
                  | Beasts)
 25823 | Spider:1 | Entered Level 1 of the Spider Nest
 25868 | Lair:2   | Reached skill level 15 in Fighting
 26898 | Spider:2 | Noticed Azrael
 27026 | Spider:2 | Killed Azrael
 27347 | Spider:2 | Noticed Arachne
 27366 | Spider:2 | Killed Arachne
 27366 | Spider:2 | Received a gift from Trog
 27366 | Spider:2 | Reached skill level 20 in Axes
 27366 | Spider:2 | Reached XP level 16. HP: 149/149 MP: 15/15
 28008 | Spider:3 | Reached skill level 15 in Armour
 28780 | Spider:3 | Found a runed translucent door.
 28781 | Spider:3 | Noticed robotcentaur's ghost (adept TeNe)
 29068 | Spider:3 | Received a gift from Trog
 29093 | Spider:3 | Reached skill level 15 in Shields
 29371 | Spider:3 | Acquired 519 gold pieces
 29609 | Spider:4 | Entered Level 4 of the Spider Nest
 30947 | Spider:4 | Reached XP level 17. HP: 149/160 MP: 16/16
 31473 | Spider:4 | Received a gift from Trog
 31879 | Spider:4 | Got a gossamer rune of Zot
 34252 | Orc:1    | Entered Level 1 of the Orcish Mines
 34302 | Orc:1    | Found Mypty's Jewellery Shoppe.
 34353 | Orc:1    | Found a bloodstained altar of Trog.
 34613 | Orc:2    | Entered Level 2 of the Orcish Mines
 34619 | Orc:2    | Found a staircase to the Elven Halls.
 34637 | Orc:2    | Found Mynost's Antique Armour Shop.
 34641 | Orc:2    | Bought a transparent cloak for 256 gold pieces
 34656 | Orc:2    | Paralysed by an orc sorcerer for 7 turns
 34751 | Orc:2    | Found a frozen archway.
 34783 | IceCv    | Entered an ice cave
 34795 | IceCv    | Found a transporter.
 34971 | IceCv    | Identified the +0 cloak of Nitug {+Fly rElec MR- Dex+6}
                  | (You bought it in a shop on level 2 of the Orcish Mines)
 35061 | IceCv    | Found a transporter.
 35461 | Orc:2    | Received a gift from Trog
 35511 | Orc:2    | Found a roughly hewn altar of Beogh.
 35648 | Orc:2    | Found Epoewk's Gadget Boutique.
 35648 | Orc:2    | Found Zomep's Jewellery Shoppe.
 35702 | Orc:2    | Found Fujid's Armour Boutique.
 35727 | Orc:2    | Found Yqetierah's Distillery.
 35791 | Orc:2    | Bought a potion of haste for 120 gold pieces
 35791 | Orc:2    | Bought a potion of heal wounds for 60 gold pieces
 36845 | Elf:1    | Entered Level 1 of the Elven Halls
 36991 | Elf:1    | Received a gift from Trog
 37178 | Elf:1    | Noticed Nikola
 37197 | Elf:1    | Killed Nikola
 37972 | Elf:2    | Noticed a deep elf blademaster
 37984 | Elf:2    | Killed a deep elf blademaster
 37985 | Elf:2    | Reached skill level 21 in Axes
 38002 | Elf:2    | Found a runed translucent door.
 38003 | Elf:2    | Found a runed translucent door.
 38062 | Elf:2    | Found Siahafya's Antique Armour Boutique.
 38247 | Elf:2    | Found a ruined gateway.
 38333 | Desolati | Entered the Desolation of Salt
 39116 | Desolati | Got a twisted glaive
 39116 | Desolati | Identified the +10 great sword of Indomitability {vorpal,
                  | rElec rN+ Str+2}
 39328 | Desolati | Identified the amulet of the Middle {Spirit SInv}
 39612 | Desolati | Identified the +3 rapier "Jellyslayer" {vorpal, Str+2}
 39629 | Desolati | Reached XP level 18. HP: 123/171 MP: 17/17
 40340 | Desolati | Received a gift from Trog
 41057 | Desolati | Got a wavering wooden ring
 41061 | Desolati | Identified the ring of the Hungering Pariah {+Fly Int+4}
                  | (You found it in the Desolation of Salt)
 41254 | Desolati | Killed from afar by a halazid warlock

Illustrated notes

Levels and vault maps discovered:
D:1:      saegor_arrival_simple_d, layout_rooms
D:2:      layout_basic
D:3:      layout_loops_ring, fedhas_altar_4, chequers_jeans,
          hangedman_decor_clover_reticule, led_xom_imps, uniq_terence,
          uniq_crazy_yiuf_cottage
D:4:      layout_loops_ring, kennysheep_ying_yang, tso_metal_star,
          minmay_temple_entry_statues_pillars
D:5:      corexii_shack_village, layout_basic
D:6:      layout_basic, nicolae_ru_awakened_eye
D:7:      layout_loops_cross, tgw_sif
D:8:      layout_loops_ring, grunt_temple_overflow_bloody_war,
          grunt_temple_overflow_opulence, gammafunk_temple_overflow_claw,
          serial_shops, shop, patterned_corridor
D:9:      layout_irregular_city, cheibriados_altar_1
D:10:     layout_basic, serial_shops, kennysheep_mini_moat
D:11:     layout_irregular_city, david_lair_generic, orc_0_dummy
D:12:     layout_rooms, ebering_ghost_gozag, gauntlet_entry_generic
D:13:     layout_basic, david_vaults_4, uniq_jorgrun, uniq_frances, uniq_rupert
Lair:1:   wander_river, layout_gridlike, basic_altar,
          lightli_volcano_entry_magma_tube, serial_bayou_shore_a
Lair:2:   layout_long_grid, spider_nest_entry_webs, serial_forest,
          infiniplex_forest_clump_long, infiniplex_forest_straight_3,
          infiniplex_forest_clump_diagonal, infiniplex_forest_end_2,
          infiniplex_forest_lined_2, infiniplex_forest_lined_corner,
          infiniplex_forest_clump_diagonal
Lair:3:   layout_roguey
Lair:4:   layout_roguey [special_room_mythical_zoo],
          nicolae_swamp_entry_splash_gauntlet
Lair:5:   gammafunk_boulding_lane, layout_small_grid, minmay_slime_entry_pillars
Lair:6:   hangedman_lair_in_review, layout_loops_ring, minmay_another_anthill
Spider:1: layout_spider_delve, nicolae_spider_shape
Spider:2: layout_spider_delve, drop_trap, uniq_arachne, uniq_azrael
Spider:3: nicolae_spider_hall_of_the_moth_king, gammafunk_ghost_grave,
          nicolae_spider_nook
Spider:4: grunt_spider_rune_island, nicolae_orb_stairs
Orc:1:    layout_diamond_mine, basic_altar, serial_shops, shop_fountains,
          mines_bat_river
Orc:2:    st_orc_town, layout_caves, serial_shops, nicolae_shop_crystal,
          portal_ice_cave_entry_pillars_1
Elf:1:    layout_geoelf_octagon, hangedman_elf_disciples, uniq_nikola
Elf:2:    layout_geoelf_grid, portal_desolation_entry_nicolae_nacl,
          serial_shops, nicolae_shop_waterfront, shop, minivault_25,
          minivault_27
Desolation

Skill      XL: |  1  2  3  4  5  6  7  8  9 10 11 12 13 14 15 16 17 18 |
---------------+-------------------------------------------------------+-----
Fighting       | 4 5 6 7 9 10 12 13 14 15 16 17 18 | 18.1
Axes           | 4 5 6 7 9 10 12 14 15 17 18 20 21 | 21.4
Dodging        | 3 4 5 6 7 |  7.6
Armour         | 3 4 5 7 9 10 11 12 13 14 15 16 | 16.3
Stealth        | 1 2 3 4 |  4.4
Shields        | 2 5 8 9 11 12 14 16 17 18 | 18.3
Evocations     | 1 2 |  2.5

Action                   |  1- 3 |  4- 6 |  7- 9 | 10-12 | 13-15 | 16-18 || total
-------------------------+-------+-------+-------+-------+-------+-------++-------
Melee: Hand axe          |    69 |   185 |   387 |   274 |       |       ||   915
       Headbutt          |    10 |    33 |    92 |   116 |   235 |   243 ||   729
       War axe           |       |       |       |   239 |   161 |       ||   400
       Broad axe         |       |       |       |       |   859 |  1065 ||  1924
Invok: Berserk           |     1 |     4 |     6 |    17 |    23 |    26 ||    77
       Brothers in Arms  |       |       |       |     2 |     2 |     3 ||     7
Evoke: Wand              |       |       |     4 |     1 |    22 |    14 ||    41
  Use: Scroll            |       |    11 |       |     8 |    10 |    29 ||    58
       Potion            |       |       |       |     1 |       |     7 ||     8
 Stab: Distracted        |       |       |       |     1 |     1 |     3 ||     5
       Held in net/web   |       |       |       |       |       |     2 ||     2
       Sleeping          |       |       |       |       |       |     2 ||     2
Armor: Animal skin       |     5 |       |       |       |       |       ||     5
       Ring mail         |     4 |    42 |    41 |       |       |       ||    87
       Chain mail        |       |       |   100 |    54 |       |       ||   154
       Plate armour      |       |       |       |   136 |   401 |   423 ||   960
       Skin              |       |       |       |       |       |    19 ||    19
Dodge: Dodged            |    43 |    91 |   147 |    72 |   211 |   236 ||   800
Block: Kite shield       |       |       |    54 |    15 |       |       ||    69
       Tower shield      |       |       |       |   313 |   819 |  1182 ||  2314
       Reflection        |       |       |       |       |       |    48 ||    48

Table legend: (Time is in decaauts)
 A = Elapsed time spent in this place.
 B = Non-inter-level travel time spent in this place.
 C = Inter-level travel time spent in this place.
 D = Time resting spent in this place.
 E = Time spent auto-exploring this place.
 F = Levels seen in this place.
 G = Mean time per level.
                   A        B        C        D        E       F      G
               +--------+--------+--------+--------+--------+-----+--------+
         Total |  41529 |  41307 |    222 |  13642 |  17018 |  30 | 1384.3 |
       Dungeon |  19279 |  19118 |    161 |   5570 |   8495 |  13 | 1483.0 |
          Lair |   7790 |   7735 |     55 |   1248 |   4728 |   6 | 1298.3 |
   Spider Nest |   6226 |   6220 |      6 |   3016 |   1885 |   4 | 1556.5 |
  Orcish Mines |   1941 |   1941 |      0 |    182 |    809 |   2 |  970.5 |
   Elven Halls |   1468 |   1468 |      0 |    555 |    457 |   2 |  734.0 |
      Ice Cave |    653 |    653 |      0 |    514 |      0 |   1 |  653.0 |
    Desolation |   2924 |   2924 |      0 |   2340 |     10 |   1 | 2924.0 |
      Gauntlet |   1244 |   1244 |      0 |    214 |    632 |   1 | 1244.0 |
               +--------+--------+--------+--------+--------+-----+--------+

Top non-repeatable levels by time:
Spider:3: 3287 daAuts
Desolation: 2924 daAuts
    D:13: 2634 daAuts
     D:9: 2065 daAuts
     D:8: 1694 daAuts
  Lair:6: 1662 daAuts
    D:10: 1610 daAuts
    D:12: 1588 daAuts
    D:11: 1514 daAuts
     D:4: 1462 daAuts
     D:6: 1427 daAuts
  Lair:5: 1369 daAuts
  Lair:2: 1351 daAuts
     D:3: 1326 daAuts
  Lair:1: 1259 daAuts
